 Dungeon Crawl Stone Soup version 0.27-a0-1299-g1ab19c6527 (webtiles) character file.

Game seed: 15337947395897237875

5228 night the Thaumaturge (level 10, -2/71 HPs)
             Began as a Demonspawn Ice Elementalist on June 16, 2021.
             Slain by a wyvern (8 damage)
             ... on level 9 of the Dungeon.
             The game lasted 00:24:31 (7994 turns).

night the Thaumaturge (Demonspawn Ice Elementalist) Turns: 7994, Time: 00:24:32

Health: -2/71      AC: 13    Str: 12    XL:     10   Next: 35%
Magic:  28/32      EV: 14    Int: 18    God:
Gold:   288        SH:  0    Dex: 14    Spells: 11/28 levels left

rFire    . . .     SeeInvis .   s - +0 falchion (elec)
rCold    + . .     Faith    .   (no shield)
rNeg     . . .     Spirit   .   K - +3 leather armour {rC+}
rPois    .         Reflect  .   m - +0 helmet
rElec    .         Harm     .   C - +0 cloak
rCorr    .         Rampage  .   (no gloves)
Will     .....                  (no boots)
Stlth    ++........             i - amulet "Qyifeu" {RegenMP *Slow Fly Str+2 Slay+2}
HPRegen  0.21/turn              e - ring of magical power
MPRegen  0.48/turn              (no ring)

@: ice-armoured, freezing walls, flying, studying Polearms
A: claws 2, repulsion field 2, demonic guardian 1, powered by pain 1
a: no special abilities


You were on level 9 of the Dungeon.
You visited 2 branches of the dungeon, and saw 10 of its levels.

You collected 388 gold pieces.
You spent 100 gold pieces at shops.

Inventory:

Hand Weapons
 l - a +1 dagger of venom
 s - a +0 falchion of electrocution (weapon)
Missiles
 c - 29 poisoned darts
 d - 262 stones
 x - 55 sling bullets
Armour
 a - a +1 robe
 k - a +2 robe of willpower
 m - a +0 helmet (worn)
 n - a +0 troll leather armour {Purgy}
 C - a +0 cloak (worn)
 K - a +3 leather armour of cold resistance (worn)
 L - +0 steam dragon scales
Magical Staves
 y - a staff of cold
Jewellery
 e - a ring of magical power (left claw)
 i - the amulet "Qyifeu" (around neck) {RegenMP *Slow Fly Str+2 Slay+2}
   (You bought it in a shop on level 3 of the Dungeon)

   [amulet of magic regeneration]

   It increases your rate of magic regeneration.
   It affects your strength (+2).
   It affects your accuracy and damage with ranged weapons and melee attacks
   (+2).
   It grants you flight.
   It may slow you when you take damage.
 j - a ring of resist corrosion
 t - a ring of flight
Wands
 q - a wand of flame (66)
 r - a wand of iceblast (19)
 F - a wand of polymorph (9) (quivered)
 H - a wand of paralysis (8)
Scrolls
 o - 5 scrolls of enchant weapon
 w - a scroll of enchant armour
 E - a scroll of teleportation
 G - a scroll of amnesia
 I - 2 scrolls of identify
Potions
 b - 2 potions of attraction
 f - a potion of curing
 g - 2 potions of magic
 h - a potion of haste {unknown}
 p - 2 potions of degeneration
 u - 3 potions of heal wounds
 v - 4 potions of flight
 z - 2 potions of ambrosia
 A - a potion of resistance {unknown}
 B - 3 potions of lignification {unknown}
 D - 3 potions of mutation {unknown}
 J - a potion of might {unknown}


   Skills:
 + Level 4.1 Fighting
 - Level 1.7 Dodging
 - Level 1.7 Stealth
 + Level 1.6 Unarmed Combat
 + Level 9.8 Spellcasting
 - Level 6.8 Ice Magic
 - Level 8.0 Poison Magic


You had 11 spell levels left.
You knew the following spells:

 Your Spells              Type           Power      Damage    Failure   Level
a - Freeze                Ice            100%       1d11      1%          1
b - Frozen Ramparts       Ice            66%        1d8       1%          3
c - Ozocubu's Armour      Ice            33%        N/A       1%          3
d - Olgreb's Toxic Radia  Pois           37%        N/A       3%          4
e - Ignite Poison         Fire/Tmut/Pois 18%        N/A       11%         3
f - Mephitic Cloud        Conj/Pois/Air  18%        N/A       11%         3

Your spell library contained the following spells:

 Spells                   Type           Power      Damage    Failure   Level
 Sting                    Tmut/Pois      92%        1d7       1%          1
 Poisonous Vapours        Pois/Air       46%        N/A       3%          2
 Hailstorm                Conj/Ice       21%        3d6       26%         4
 Metabolic Englaciation   Hex/Ice        10%        N/A       56%         5


Dungeon Overview and Level Annotations

Branches:
Dungeon (9/15)             Temple (1/1) D:5
   Lair: D:8-11         Orc: D:9-12

Altars:
Cheibriados
Dithmenos
Elyvilon
Fedhas
Gozag
Hepliaklqana
Kikubaaqudgha
Makhleb
Nemelex Xobeh
Okawaru
Qazlal
Ru
Sif Muna
Trog
Uskayaw
Vehumet
Wu Jian
Xom
Yredelemnul
Zin
The Shining One

Shops:
D:2 (   D:3 *   D:6 (


Innate Abilities, Weirdness & Mutations

You have very sharp fingernails.
You are surrounded by a moderate repulsion field. (EV +3)
A weak demonic guardian rushes to your aid.
You sometimes gain a little power by taking damage.


Message History

Lightning courses through the wyvern!!
The wyvern is almost dead.
The wyvern bites you. The wyvern bites you! The wyvern bites you!
The wyvern hisses menacingly.
The wyvern bites you. The wyvern bites you!
Casting: Freeze (safe; 1% risk of failure)
Confirm with . or Enter, or press ? or * to list all spells.
Casting: Frozen Ramparts (safe; 1% risk of failure)
Press: ? - help, Dir - look around, f - activate The walls around you are covered in ice.
The wall freezes the wyvern.
You kill the wyvern!
The wall freezes the wyvern. x2; The wyvern closely misses you.
Casting: Frozen Ramparts (safe; 1% risk of failure)
Confirm with . or Enter, or press ? or * to list all spells.
A film of ice covers your body!
The wall freezes the steam dragon!
The wall freezes the wyvern.
The wyvern bites you!
The wall freezes the steam dragon!
Unknown command.
You closely miss the wyvern.
The wyvern is lightly wounded.
The wall freezes the wyvern.
The wyvern bites you.
A demonic guardian appears!
The wall freezes the wyvern.
The wyvern bites you.
* * * LOW HITPOINT WARNING * * *
The wall freezes the steam dragon.
The wall freezes the komodo dragon.
You hit the wyvern.
The wyvern is heavily wounded.
The wall freezes the wyvern.
The wyvern barely misses you.
The wall freezes the steam dragon.
The wall freezes the komodo dragon.
The wall freezes the wyvern.
The wyvern bites you!
* * * LOW HITPOINT WARNING * * *
Aiming: Paralyse
Press: ? - help, Shift-Dir - straight line, f - wyvern
Aim: a wyvern (severely wounded, ally target, chance to affect: 46%)
The wyvern resists with some effort.
The wall freezes the wyvern.
The wyvern bites you!
You die...

# ##### ###..#
....###....# #####
....#..##
####...######
........####
###...###......
#..........###
####..#####.######
##.##........###5..)##
###
###.#.###....Dl@..##
###..#.##.#l#####
################ ....#
....# #'### #.## #..#
#### # ##.####
######+##### ... ...


You could see a komodo dragon, a steam dragon, a wyvern (ally target) and a
friendly white imp (summoned).

Vanquished Creatures
  Joseph (D:9)
  A komodo dragon (D:9)
  Sigmund (D:3)
  10 yaks (D:9)
  2 wyverns (D:9)
  Grum (D:9)
  2 acid dragons
  A water moccasin (D:7)
  An orc warrior (D:6)
  Purgy (D:3)
  An ice beast (D:7)
  A black bear (D:4)
  3 ogres
  A centaur (D:9)
  A necrophage (D:6)
  3 wolves (D:9)
  A phantom (D:5)
  2 bullfrogs
  2 scorpions (D:6)
  A wyvern skeleton (D:6)
  A wight (D:9)
  4 hounds
  A jelly (D:5)
  A centaur skeleton (D:7)
  4 orc priests
  2 bullfrog skeletons
  3 iguanas
  A scorpion zombie (D:5)
  An orc wizard (D:7)
  A killer bee zombie (D:7)
  Robin (D:3)
  5 gnolls
  6 adders
  An ufetubus (D:4)
  An adder skeleton (D:4)
  A worm (D:4)
  7 dart slugs
  13 orcs
  9 endoplasms
  3 giant cockroaches
  13 goblins
  11 hobgoblins
  11 jackals
  4 quokkas
  A ball python (D:1)
  11 bats
  4 frilled lizards
  7 kobolds
  2 rats
167 creatures vanquished.

Vanquished Creatures (collateral kills)
  A wolf (D:9)
  An orc priest (D:7)
  A white imp (D:7)
3 creatures vanquished.

Vanquished Creatures (others)
  A human (D:4)
1 creature vanquished.

Grand Total: 171 creatures vanquished

Notes
Turn   | Place    | Note
-------+----------+-------------------------------------------
     0 | D:1      | night the Demonspawn Ice Elementalist began the quest for
                  | the Orb.
     0 | D:1      | Reached XP level 1. HP: 13/13 MP: 3/3
   323 | D:1      | Gained mutation: You have sharp fingernails. [demonic
                  | ancestry]
   323 | D:1      | Reached XP level 2. HP: 17/19 MP: 1/5
  1109 | D:1      | Gained mutation: You are surrounded by a mild repulsion
                  | field. (EV +2) [demonic ancestry]
  1109 | D:1      | Reached XP level 3. HP: 23/24 MP: 7/7
  1247 | D:1      | Learned a level 3 spell: Frozen Ramparts
  1251 | D:1      | Learned a level 3 spell: Ozocubu's Armour
  1788 | D:2      | Reached skill level 3 in Spellcasting
  2012 | D:2      | Gained mutation: A weak demonic guardian rushes to your
                  | aid. [demonic ancestry]
  2012 | D:2      | Reached XP level 4. HP: 30/30 MP: 8/8
  2085 | D:2      | Found a faded altar of an unknown god.
  2275 | D:2      | Found Qiggon's Weapon Emporium.
  2411 | D:3      | Found Piymikica's Assorted Antiques.
  2417 | D:3      | Bought a pitted copper amulet for 100 gold pieces
  2417 | D:3      | Identified the amulet "Qyifeu" {RegenMP *Slow Fly Str+2
                  | Slay+2} (You bought it in a shop on level 3 of the Dungeon)
  2443 | D:3      | Noticed Sigmund
  2461 | D:3      | Killed Sigmund
  2462 | D:3      | Reached skill level 4 in Spellcasting
  2462 | D:3      | Reached skill level 5 in Ice Magic
  2462 | D:3      | Gained mutation: You are surrounded by a moderate repulsion
                  | field. (EV +3) [demonic ancestry]
  2462 | D:3      | Reached XP level 5. HP: 24/35 MP: 10/11
  2739 | D:3      | Noticed Robin
  2755 | D:3      | Killed Robin
  2873 | D:3      | Noticed Purgy
  2899 | D:3      | Killed Purgy
  2900 | D:3      | Reached XP level 6. HP: 33/41 MP: 12/12
  3436 | D:4      | You are sucked into a shaft and drop 2 floors!
  3446 | D:6      | Found Qeoryg's Antique Weapon Shoppe.
  3466 | D:6      | Reached skill level 5 in Spellcasting
  3516 | D:6      | Found a blossoming altar of Fedhas.
  3518 | D:6      | Found a shimmering blue altar of Sif Muna.
  3523 | D:6      | Found a bloodstained altar of Trog.
  3523 | D:6      | Found a basalt altar of Yredelemnul.
  3542 | D:6      | You are sucked into a shaft and drop 1 floor!
  3606 | D:6      | Noticed an orc warrior
  3633 | D:6      | Killed an orc warrior
  3634 | D:6      | Reached XP level 7. HP: 32/46 MP: 12/15
  3740 | D:5      | Entered Level 5 of the Dungeon
  3905 | D:4      | Reached skill level 6 in Spellcasting
  4121 | D:4      | Found an ancient bone altar of Kikubaaqudgha.
  4160 | D:4      | Learned a level 4 spell: Olgreb's Toxic Radiance
  4164 | D:4      | Learned a level 3 spell: Ignite Poison
  4208 | D:4      | Reached skill level 1 in Poison Magic
  4208 | D:4      | Gained mutation: You sometimes gain a little power by
                  | taking damage. [demonic ancestry]
  4208 | D:4      | Reached XP level 8. HP: 52/52 MP: 17/17
  4640 | D:5      | Reached skill level 2 in Poison Magic
  4852 | D:5      | Reached skill level 7 in Spellcasting
  4874 | D:5      | Found a staircase to the Ecumenical Temple.
  4884 | Temple   | Entered the Ecumenical Temple
  6162 | D:7      | Found a radiant altar of Vehumet.
  6198 | D:7      | Reached skill level 5 in Poison Magic
  6381 | D:7      | Reached XP level 9. HP: 52/57 MP: 20/20
  6438 | D:7      | Found a hide-covered altar of Uskayaw.
  6791 | D:8      | Noticed a two-headed ogre
  6801 | D:8      | HP: 8/57 [two-headed ogre (7)]
  6839 | D:7      | Learned a level 3 spell: Mephitic Cloud
  6920 | D:8      | Reached skill level 8 in Spellcasting
  7149 | D:9      | Noticed Grum
  7162 | D:9      | Killed Grum
  7201 | D:9      | Found a stormy altar of Qazlal.
  7291 | D:9      | Reached skill level 9 in Spellcasting
  7334 | D:9      | Reached skill level 1 in Fighting
  7335 | D:9      | Reached skill level 2 in Fighting
  7420 | D:9      | Noticed Joseph
  7436 | D:9      | Killed Joseph
  7437 | D:9      | Gained mutation: You have very sharp fingernails. [demonic
                  | ancestry]
  7437 | D:9      | Reached XP level 10. HP: 48/69 MP: 17/23
  7521 | D:9      | Noticed Maggie
  7525 | D:9      | Noticed Maggie
  7525 | D:9      | Maggie changed into Maggie the ogre
  7536 | D:9      | Killed Maggie the ogre
  7937 | D:9      | Reached skill level 1 in Unarmed Combat
  7993 | D:9      | HP: 6/71 [wyvern (11)]
  7994 | D:9      | Slain by a wyvern

Illustrated notes

Levels and vault maps discovered:
D:1:      dpeg_arrival_fog, layout_basic, minmay_hexomino_p4
D:2:      layout_basic, serial_shops, shop,
          shapermc_ecumenical_altar_mp_vishouse
D:3:      layout_basic, serial_shops, shop, uniq_purgy, uniq_robin, uniq_sigmund
D:4:      layout_loops_corners, tgw_kikubaaqudgha, corexii_leaking_fountain
D:5:      layout_rooms, temple_statues, minmay_manual_mail
D:6:      layout_loops_ring, grunt_temple_overflow_open, serial_shops,
          nicolae_diamond_shop
D:7:      layout_basic, marbit_many_paths, general_overflow_altar
D:8:      minmay_klotski, layout_basic, roderic_roman_lattice
D:9:      layout_roguey, lemuel_crystal_altar, lemuel_coloured_pillars_altar,
          erik_lair_dragon, uniq_maggie, uniq_joseph, uniq_grum
Temple:   cyrus_circular_temple

Skill      XL: |  1  2  3  4  5  6  7  8  9 10 |
---------------+-------------------------------+-----
Ice Magic      | 4 5 6 |  6.8
Spellcasting   | 3 4 5 6 7 9 |  9.8
Poison Magic   | 1 5 7 8 |  8.0
Fighting       | 2 4 |  4.1
Unarmed Combat | 1 |  1.6
Dodging        | |  1.7
Stealth        | |  1.7

Action                   |  1- 3 |  4- 6 |  7- 9 | 10-12 || total
-------------------------+-------+-------+-------+-------++-------
Melee: Unarmed           |    35 |     7 |       |       ||    42
       Dagger            |       |    49 |     5 |       ||    54
       Falchion          |       |       |   111 |    19 ||   130
Throw: Dart              |       |     8 |    15 |     1 ||    24
 Cast: Freeze            |    49 |    23 |    16 |     4 ||    92
       Frozen Ramparts   |     4 |    12 |    33 |     5 ||    54
       Ozocubu's Armour  |       |     6 |    13 |     5 ||    24
       Olgreb's Toxic Ra |       |       |     3 |     1 ||     4
       Ignite Poison     |       |       |     2 |       ||     2
Evoke: Wand              |       |       |       |     2 ||     2
  Use: Scroll            |     6 |     2 |    10 |       ||    18
       Potion            |       |       |     1 |       ||     1
 Stab: Sleeping          |       |       |     4 |     1 ||     5
Armor: Robe              |    15 |    28 |       |       ||    43
       Troll leather arm |       |    24 |    48 |       ||    72
       Leather armour    |       |       |       |     8 ||     8
Dodge: Dodged            |    47 |    84 |   134 |    23 ||   288
       Rpst.: Falchion   |       |       |    28 |     5 ||    33

Table legend: (Time is in decaauts)
 A = Elapsed time spent in this place.
 B = Non-inter-level travel time spent in this place.
 C = Inter-level travel time spent in this place.
 D = Time resting spent in this place.
 E = Time spent auto-exploring this place.
 F = Levels seen in this place.
 G = Mean time per level.
                   A        B        C        D        E       F      G
               +--------+--------+--------+--------+--------+-----+--------+
         Total |   8033 |   7785 |    248 |    154 |   6148 |  10 |  803.3 |
       Dungeon |   7956 |   7715 |    241 |    154 |   6096 |   9 |  884.0 |
        Temple |     76 |     69 |      7 |      0 |     52 |   1 |   76.0 |
               +--------+--------+--------+--------+--------+-----+--------+

Top non-repeatable levels by time:
     D:1: 1691 daAuts
     D:7: 1053 daAuts
     D:3: 1004 daAuts
     D:9: 952 daAuts
     D:4: 896 daAuts
     D:6: 865 daAuts
     D:2: 696 daAuts
     D:5: 525 daAuts
     D:8: 271 daAuts
  Temple: 76 daAuts
